 Dungeon Crawl Stone Soup version 0.21.1-1-g345015f (webtiles) character file.

7766 mikered the Blocker (level 11, -2/97 HPs)
             Began as a Red Draconian Berserker on Apr 22, 2018.
             Was a High Priest of Trog.
             Succumbed to a killer bee's poison
             ... on level 11 of the Dungeon.
             The game lasted 00:58:33 (7003 turns).

mikered the Blocker (Red Draconian Berserker)       Turns: 7003, Time: 00:58:34

Health: -2/97      AC:  7    Str: 22    XL:     11   Next: 1%
Magic:  20/20      EV: 13    Int: 10    God:    Trog [*****.]
Gold:   243        SH:  6    Dex: 12    Spells: 10/10 levels left

rFire    + . .     SeeInvis .   d - +3 short sword (vamp)
rCold    . . .     Gourm    .   e - +0 buckler
rNeg     . . .     Faith    .   (armour unavailable)
rPois    .         Spirit   .   s - +0 hat {Int+3}
rElec    .         Reflect  .   (no cloak)
rCorr    .         Harm     .   (no gloves)
MR       .....                  (no boots)
Stlth    ++........             (no amulet)
HPRegen  0.26/turn              k - ring of magical power
MPRegen  0.17/turn              (no ring)

@: lethally poisoned (-2 -> -32), berserk cooldown, slowed, very slow
A: breathe fire, unfitting armour, fire resistance 1, cold-blooded, AC +7
a: Breathe Fire, Berserk, Trog's Hand, Brothers in Arms, Burn Spellbooks,
Renounce Religion


You were on level 11 of the Dungeon.
You worshipped Trog.
Trog was extremely pleased with you.
You were very hungry.

You visited 1 branch of the dungeon, and saw 11 of its levels.
You also visited: Sewer.

You collected 243 gold pieces.

Inventory:

Hand Weapons
 a - a +0 falchion
 d - a +3 vampiric short sword (weapon)
 f - a +0 long sword
 h - a +0 scythe
 l - a +0 dagger of draining
 x - a +0 shortbow
 y - a +3 scimitar of flaming
Missiles
 r - 58 arrows
Armour
 e - a +0 buckler (worn)
 s - a +0 hat of intelligence (worn)
Jewellery
 k - a ring of magical power (left hand)
Scrolls
 i - 6 scrolls of identify
 j - 3 scrolls of remove curse
Potions
 g - 3 potions of flight
 z - a potion of might
Books
 o - a book of Cantrips

   Spells                             Type                      Level
   a - Confusing Touch                Hexes                        1
   b - Animate Skeleton               Necromancy                   1
   c - Summon Small Mammal            Summoning                    1
   d - Apportation                    Translocation                1
   Trog disapproves of the use of such an item.
Miscellaneous
 p - a crystal ball of energy
Comestibles
 b - 3 rations
 c - a chunk of flesh


   Skills:
 - Level 9.0 Fighting
 - Level 5.8(7.2) Short Blades
 - Level 6.3(7.4) Long Blades
 + Level 6.2 Bows
 - Level 4.0 Dodging
 - Level 4.2 Stealth
 - Level 9.2 Shields


You had 10 spell levels left.
You didn't know any spells.

Dungeon Overview and Level Annotations

Branches:
Dungeon (11/15)
 Temple: D:4-7         Lair: D:8-11         Orc: D:9-12

Altars:
Ashenzari
Dithmenos
Fedhas
Gozag
Kikubaaqudgha
Okawaru
Sif Muna
The Shining One

Annotations:
D:4 Dowan, Duvessa
D:8 Joseph, Maurice


Innate Abilities, Weirdness & Mutations

You can breathe blasts of fire.
Your fiery red scales are hard. (AC +7)
You cannot fit into any form of body armour.
Your flesh is heat resistant. (rF+)
You are cold-blooded and may be slowed by cold attacks.


Message History

You are lethally poisoned!
The killer bee poisons you! The killer bee stings you!
* * * LOW HITPOINT WARNING * * *
You are more poisoned.
The killer bee poisons you! You block the killer bee's attack.
You are too berserk!
You are too berserk!
You are no longer berserk.
You are exhausted.
You feel yourself slow down.
* * * LOW HITPOINT WARNING * * *
You feel sick.
The killer bee rages.
The killer bee completely misses you. You block the killer bee's attack.
The killer bee barely misses you.
Okay, then.
Okay, then.
Your ogre goes berserk!
You are feeling very hungry.
You die...

#.# #. ..## #.# #. ...
##.##% #.# #...y #..#
#.†.### ##...##
#yyy..####.....#
#y.y...........#
####yy.....##.##..#
#..@y#####.##.##.#
.....O##.......##.##<#
..... #########...#.#
.... ..........<###
### ####..........
####.###... #.# ...
#.# #.. #.# ##


You could see 9 killer bees and a friendly ogre (berserk).

Vanquished Creatures
  Gastronok (D:8)
  Erica (D:8)
  An ogre mage (D:10)
  A komodo dragon (D:10)
  A queen bee (D:11)
  A troll (D:10)
  A hornet (D:10)
  A hippogriff (D:7)
  Sigmund (D:3)
  Grum (D:8)
  A water moccasin (D:6)
  2 orc warriors (D:7)
  2 sky beasts (D:8)
  A black bear (D:7)
  A hornet zombie (D:10)
  A phantom (D:9)
  5 ogres
  3 wolves
  4 centaurs
  A big kobold (Sewer)
  4 bullfrogs
  2 scorpions
  8 killer bees
  2 bullfrog zombies
  8 crimson imps
  5 orc wizards
  2 jellies
  A hound (D:8)
  A bullfrog skeleton (D:7)
  3 orc priests
  2 iguanas
  A gnoll shaman (D:7)
  8 worker ants
  A hound zombie (D:9)
  Robin (D:4)
  8 gnolls
  7 adders
  2 shadow imps
  An ooze (D:5)
  An adder zombie (D:6)
  An adder skeleton (D:5)
  A worm (D:5)
  8 leopard geckos
  23 orcs
  A ball python (D:3)
  4 bats
  4 giant cockroaches
  9 goblins
  10 hobgoblins
  17 jackals
  3 quokkas
  A ball python skeleton (D:4)
  3 frilled lizards
  11 kobolds
  8 rats
203 creatures vanquished.

Vanquished Creatures (others)
  A plant (D:11)
1 creature vanquished.

Grand Total: 204 creatures vanquished

Notes
Turn   | Place    | Note
-------+----------+-------------------------------------------
     0 | D:1      | mikered the Draconian Berserker began the quest for the Orb.
     0 | D:1      | Reached XP level 1. HP: 19/19 MP: 1/1
   201 | D:1      | Reached XP level 2. HP: 14/26 MP: 2/2
   981 | D:1      | Reached XP level 3. HP: 28/31 MP: 3/3
  1093 | D:2      | Noticed an ogre
  1157 | D:2      | Reached ** piety under Trog
  1233 | D:3      | Noticed Sigmund
  1246 | D:3      | Killed Sigmund
  1246 | D:3      | Reached XP level 4. HP: 33/38 MP: 4/4
  1246 | D:3      | Reached XP level 5. HP: 39/45 MP: 5/5
  1475 | D:3      | Found a shattered altar of Ashenzari.
  1508 | D:3      | Found a glowing golden altar of the Shining One.
  1525 | D:3      | Reached XP level 6. HP: 42/51 MP: 6/6
  1789 | D:5      | Entered Level 5 of the Dungeon
  1801 | D:4      | Found an opulent altar of Gozag.
  2174 | D:4      | Found an ancient bone altar of Kikubaaqudgha.
  2343 | D:4      | Noticed Robin
  2352 | D:4      | Killed Robin
  2352 | D:4      | Reached skill level 5 in Long Blades
  2452 | D:4      | Reached *** piety under Trog
  2506 | D:4      | Noticed Duvessa
  2506 | D:4      | Noticed Dowan
  2732 | D:5      | Your scales start taking on a fiery red colour.
  2732 | D:5      | Reached XP level 7. HP: 46/57 MP: 7/7
  2732 | D:5      | Gained mutation: Your flesh is heat resistant. (rF+) [Red Draconian growth]
  2887 | D:6      | Found a blossoming altar of Fedhas.
  2935 | D:6      | Reached skill level 5 in Fighting
  2982 | D:6      | Found an iron altar of Okawaru.
  3299 | D:7      | Reached XP level 8. HP: 52/70 MP: 8/8
  3312 | D:6      | Found a glowing drain.
  3333 | Sewer    | Entered a sewer
  3425 | Sewer    | Found a glowing silver altar of Zin.
  3868 | D:7      | Found a deep blue altar of Sif Muna.
  3937 | D:7      | Reached **** piety under Trog
  4096 | D:8      | Noticed Erica
  4142 | D:7      | Reached skill level 1 in Short Blades
  4362 | D:7      | Reached XP level 9. HP: 46/83 MP: 9/9
  5049 | D:7      | Reached skill level 5 in Short Blades
  5322 | D:8      | Noticed Grum
  5336 | D:7      | Reached skill level 1 in Shields
  5590 | D:8      | Noticed Gastronok
  5602 | D:8      | Killed Gastronok
  5602 | D:8      | Reached ***** piety under Trog
  5602 | D:8      | Reached XP level 10. HP: 91/91 MP: 10/10
  5717 | D:8      | Noticed Joseph
  5862 | D:8      | Killed Grum
  6166 | D:9      | Noticed Maurice
  6273 | D:8      | Killed Erica
  6278 | D:8      | Reached skill level 1 in Bows
  6339 | D:8      | You fall through a shaft!
  6342 | D:9      | Noticed a two-headed ogre
  6395 | D:9      | Found a shadowy altar of Dithmenos.
  6642 | D:10     | Entered Level 10 of the Dungeon
  6842 | D:10     | Noticed a two-headed ogre
  6843 | D:10     | Noticed an ogre mage
  6934 | D:10     | Killed an ogre mage
  6934 | D:10     | Reached skill level 5 in Bows
  6991 | D:11     | Reached XP level 11. HP: 97/97 MP: 11/11
  7001 | D:11     | HP: 6/145 [killer bee (12)]
  7002 | D:11     | HP: 2/97 [poisoned by a killer bee]
  7003 | D:11     | Succumbed to a killer bee's poison

Skill      XL: |  1  2  3  4  5  6  7  8  9 10 |
---------------+-------------------------------+-----
Dodging        | 3 4 |  4.0
Stealth        | 4 |  4.2
Long Blades    | 5 6 |  6.3
Fighting       | 6 9 |  9.0
Short Blades   | 3 5 |  5.8
Shields        | 7 9 |  9.2
Bows           | 6 |  6.2

Action                   |  1- 3 |  4- 6 |  7- 9 | 10-12 || total
-------------------------+-------+-------+-------+-------++-------
Melee: Falchion          |    91 |   165 |   275 |       ||   531
       Tailslap          |    18 |    30 |    84 |    35 ||   167
       Short sword       |       |       |   115 |   241 ||   356
Invok: Berserk           |     1 |     2 |     5 |     5 ||    13
       Trog's Hand       |       |     1 |       |     2 ||     3
       Brothers in Arms  |       |       |       |     1 ||     1
 Abil: Breathe Fire      |       |       |     8 |     3 ||    11
  Use: Scroll            |     1 |     5 |     4 |     7 ||    17
       Potion            |       |     6 |     4 |     6 ||    16
 Stab: Sleeping          |     1 |     2 |     6 |       ||     9
  Eat: Chunk             |     1 |     3 |     7 |     2 ||    13
       Ration            |       |     2 |     4 |     2 ||     8
Armor: Skin              |    24 |    58 |    98 |    52 ||   232
Dodge: Dodged            |    72 |   157 |   217 |   169 ||   615
Block: Buckler           |       |       |     6 |    87 ||    93
       Rpst.: Falchion   |    26 |    51 |    48 |       ||   125
